 Dungeon Crawl Stone Soup version 0.31-a0-876-gfe8ebadbca (webtiles) character file.

Game seed: 9687905545587165666

56 kae the Insei (level 3, 0/27 HPs)
             Began as a Demigod Shapeshifter on Oct 13, 2023.
             Slain by a goblin
             ... wielding a +0 club
              (3 damage)
             ... on level 2 of the Dungeon.
             The game lasted 00:00:53 (1140 turns).

kae the Insei (Demigod Shapeshifter)                Turns: 1140, Time: 00:00:53

Health: 0/27       AC:  2    Str: 15    XL:     3   Next: 48%
Magic:  5/5        EV: 12    Int: 12    God:
Gold:   114        SH:  0    Dex: 17    Spells: 2/2 levels left

rFire   + .          .
                       - Unarmed
rCold   + + .        (no shield)
rNeg    . . .        a - +0 animal skin
rPois   +            (helmet currently unavailable)
rElec   +            (cloak currently unavailable)
rCorr   +            (gloves currently unavailable)
SInv    .            (boots currently unavailable)
Will    .....        (no amulet)
Stlth   ++           C - ring of protection from cold
HPRegen 0.24/turn    (no ring)
MPRegen 0.09/turn

%: no passive effects
@: beast-form, resistant
A: beast (slay +1), high MP 1, forlorn, divine attributes
a: Begin Untransformation


You were on level 2 of the Dungeon.
You were a hulking beast.
You visited 1 branch of the dungeon, and saw 2 of its levels.

You collected 114 gold pieces.


Innate Abilities, Weirdness & Mutations

You are a hulking beast.
Your limbs bulge with bestial killing power. (Slay +1)
You have an increased reservoir of magic. (+10% MP)
You shall have no god before yourself.
Your divine heritage dramatically boosts your attributes as you level up.


   Skills:
 - Level 0.8 Fighting
 - Level 1.7 Dodging
 + Level 3.5 Unarmed Combat
 + Level 3.4 Shapeshifting


You had 2 spell levels left.
You didn't know any spells.
Your spell library was empty.

Inventory:

Missiles
 e - 8 stones
Armour
 a - a +0 animal skin (worn)
 n - a +0 pair of gloves
   (You found it on level 1 of the Dungeon)
Jewellery
 C - a ring of protection from cold (left hand)
   (You found it on level 1 of the Dungeon)
Talismans
 c - a beast talisman (active)
 d - a flux talisman
Scrolls
 g - 5 scrolls of identify {unknown}
 h - 3 scrolls of teleportation {unknown}
 i - 2 scrolls of fog {unknown}
 j - a scroll of amnesia {unknown}
 l - a scroll of revelation {unknown}
 m - a scroll of vulnerability {unknown}
 p - a scroll of noise {unknown}
Potions
 b - a potion of lignification {!q}
 o - a potion of cancellation {unknown}

Dungeon Overview and Level Annotations

Branches:
Dungeon (2/15) Zot: 10867

.................##
....###...........## ....#
#............# ....#
#..........#..##### ....#
######.#.### .....####.#
....########.#.######g........
...............g.grgg....# ..
.....[######.##g#####....## .#.#
..........##.##)h## #.....# ..$#
.....####.#..###.g# #####)# #..#
........#.....###.#######.###..##
....###...###..........##.##.....
....##.)..########...#.##r#....gg
....##.##...............ggg...ggg
...###.###############...g.......
...###.# #.......r...g
.......######## #.#.##.......


You could see 2 hobgoblins and a goblin (strong).


Message History

* * * LOW HITPOINT WARNING * * *
The goblin closely misses you. The goblin barely misses you.
It was a potion of resistance.
You feel protected.
The goblin no longer looks unusually strong.
Robin roars a battlecry!
The goblins go into a battle-frenzy!
The rat twitches its whiskers.
The goblin hits you but does no damage. The goblin barely misses you.
You hear a shout! x2
The hobgoblin no longer looks unusually strong.
The goblin hits you with a +0 dagger.
* * * LOW HITPOINT WARNING * * *
😱 HP[-3]
You take 3 damage, and now have 2/27 hp.
It was a potion of heal wounds.
You feel much better. The goblin misses you. 😎 HP[+25]
Your hp is fully restored (27).
The goblin attacks as it pursues you! The goblin hits you but does no damage.
The goblin no longer looks unusually strong.
The goblin hits you but does no damage. The goblin attacks as it pursues you!
The goblin closely misses you. The goblin attacks as it pursues you!
The goblin hits you but does no damage. The goblin attacks as it pursues you!
The goblin hits you with a +0 dagger. 😕 HP[-6]
You take 6 damage, and now have 21/27 hp.
MASSIVE DAMAGE!! (PAUSE)
You punch the goblin!
You kill the goblin! 😕 HP[+1] No target in view!
No target in view!
Things that are here:
a +0 dagger; a goblin corpse You barely miss the goblin.
The goblin hits you but does no damage.
You hit the goblin.
You kill the goblin!
The goblin closely misses you.
Unknown command.
The goblin attacks as it pursues you! The goblin hits you with a +0 dagger.
You closely miss the goblin.
You swing at nothing.
A goblin comes into view. It is wielding a +0 club.
The goblin closely misses you.
You hit the goblin.
You kill the goblin!
The goblin hits you with a +0 dagger. 😕 HP[-1]
You take 1 damage, and now have 21/27 hp.
You barely miss the goblin. 😕 HP[+1]
You swing at nothing.
The goblin hits you but does no damage.
You closely miss the goblin. The rat barely misses you.
Robin roars a battlecry!
The goblins go into a battle-frenzy!
The goblin barely misses you.
You hit the rat.
The rat twitches its whiskers.
The rat barely misses you.
The goblin hits you with a +0 dagger. 😮 HP[-2]
You take 2 damage, and now have 20/27 hp.
You hit the rat.
You kill the rat!
The goblin barely misses you.
You hit the goblin.
You kill the goblin!
The goblin barely misses you. 😕 HP[+1]
You hit Robin. You hit the hobgoblin. The goblin hits you but does no damage.
Robin hits you with a +0 whip. The hobgoblin hits you. 😮 HP[-7]
You take 7 damage, and now have 14/27 hp.
MASSIVE DAMAGE!! (PAUSE)
You hit Robin. The goblin hits you with a +0 club.
* * * LOW HITPOINT WARNING * * *
Robin misses you. The hobgoblin misses you. 😨 HP[-1]
You take 1 damage, and now have 13/27 hp.
You hit Robin. The goblin hits you with a +0 club.
* * * LOW HITPOINT WARNING * * *
Robin throws the goblin at you!
* * * LOW HITPOINT WARNING * * *
The hobgoblin misses you. 😨 HP[-5]
You take 5 damage, and now have 8/27 hp.
Unknown command.
You hit Robin but do no damage. The goblin closely misses you.
Robin barely misses you.
The hobgoblin barely misses you. 😨 HP[+1]
You hit Robin. The goblin hits you with a +0 club.
* * * LOW HITPOINT WARNING * * *
Robin barely misses you.
The hobgoblin barely misses you. 😱 HP[-6]
You take 6 damage, and now have 3/27 hp.
MASSIVE DAMAGE!! (PAUSE)
You hit Robin.
You kill Robin!
The goblin hits you with a +0 club.
You die...

Skill      XL: |  1 |
---------------+----+-----
Unarmed Combat | 3 |  3.5
Shapeshifting  | 3 |  3.4
Fighting       | |  0.8
Dodging        | |  1.7

Action                     || total
---------------------------++-------
  Melee: Unarmed           ||   112
         Punch             ||     3
    Use: Potion            ||     2
   Stab: Sleeping          ||     1
 Armour: Animal skin       ||    64
  Dodge: Dodged            ||    73

Levels and vault maps discovered:
D:1:      dpeg_arrival_ratfight, layout_basic, minmay_misc_feat_tiny
D:2:      layout_rooms, basic_altar, uniq_robin

Notes
Turn   | Place    | Note
-------+----------+-------------------------------------------
     0 | D:1      | kae the Demigod Shapeshifter began the quest for the Orb.
     0 | D:1      | Reached XP level 1. HP: 15/15 MP: 3/3
     0 | D:1      | magus.rc [v1.11.3]
   152 | D:1      | Reached skill level 3 in Unarmed Combat
   209 | D:1      | Reached skill level 3 in Shapeshifting
   209 | D:1      | Reached XP level 2. HP: 16/22 MP: 4/4
   870 | D:2      | Reached XP level 3. HP: 27/27 MP: 5/5
  1089 | D:2      | Noticed Robin
  1106 | D:2      | HP: 5/27 [goblin/+0 dagger[Robin] (4)]
  1109 | D:2      | HP: 2/27 [goblin/+0 dagger[Robin] (3)]
  1139 | D:2      | HP: 3/27 [goblin/+0 club (6)]
  1140 | D:2      | Killed Robin
  1140 | D:2      | Slain by a goblin

Vanquished Creatures
  Robin (D:2)
  An adder (D:2)
  A worm (D:2)
  A ball python (D:1)
  2 endoplasms
  A giant cockroach (D:2)
  12 goblins
  3 hobgoblins
  2 quokkas (D:1)
  3 bats (D:1)
  6 kobolds
  9 rats
42 creatures vanquished.

Table legend:
 A = Non-vault XP
 B = Vault XP
 C = Vault XP percentage of total XP
 D = Non-vault monster count
 E = Vault monster count
 F = Vault count percentage of total count
                 A         B        C        D         E       F
            +---------+---------+-------+---------+---------+-------
      Total |      69 |      27 |  28.1 |      32 |      10 |  23.8
            +---------+---------+-------+---------+---------+-------
        D:1 |      35 |       5 |  12.5 |      20 |       5 |  20.0
        D:2 |      34 |      22 |  39.3 |      12 |       5 |  29.4
            +---------+---------+-------+---------+---------+-------

Skill      XL: |  1 |
---------------+----+-----
Unarmed Combat | 3 |  3.5
Shapeshifting  | 3 |  3.4
Fighting       | |  0.8
Dodging        | |  1.7

Action                     || total
---------------------------++-------
  Melee: Unarmed           ||   112
         Punch             ||     3
    Use: Potion            ||     2
   Stab: Sleeping          ||     1
 Armour: Animal skin       ||    64
  Dodge: Dodged            ||    73

Illustrated notes

Table legend:
 A = Kills in this place as a percentage of kills in the entire game.
 B = Kills by you in this place as a percentage of kills by you in the entire game.
 C = Kills by friends in this place as a percentage of kills by friends in the entire game.
 D = Other kills in this place as a percentage of other kills in the entire game.
 E = Experience gained in this place as a percentage of experience gained in the entire game.
 F = Experience gained in this place divided by the number of levels of this place that you have seen.
                   A       B       C       D       E      F
               +-------+-------+-------+-------+-------+----------------------
         Total | 100.0 | 100.0 |   N/A |   N/A | 100.0 |  48.0
       Dungeon | 100.0 | 100.0 |   N/A |   N/A | 100.0 |  48.0
               +-------+-------+-------+-------+-------+----------------------

Table legend: (Time is in decaauts)
 A = Elapsed time spent in this place.
 B = Non-inter-level travel time spent in this place.
 C = Inter-level travel time spent in this place.
 D = Time resting spent in this place.
 E = Time spent auto-exploring this place.
 F = Levels seen in this place.
 G = Mean time per level.
                   A        B        C        D        E       F      G
               +--------+--------+--------+--------+--------+-----+--------+
         Total |   1131 |   1115 |     16 |      0 |    852 |   2 |  565.5 |
       Dungeon |   1131 |   1115 |     16 |      0 |    852 |   2 |  565.5 |
               +--------+--------+--------+--------+--------+-----+--------+

Top non-repeatable levels by time:
     D:1: 751 daAuts
     D:2: 380 daAuts
